 Dungeon Crawl Stone Soup version 0.28.0 (webtiles) character file.

Game seed: 5281476576107122280

115 pkoi the Chiller (level 4, -5/33 HPs)
             Began as a Draconian Ice Elementalist on Feb 12, 2022.
             Killed by nerve-wracking pain
             ... invoked by a shadow imp
              (14 damage)
             ... on level 3 of the Dungeon.
             The game lasted 00:03:42 (2871 turns).

pkoi the Chiller (Draconian Ice Elementalist)       Turns: 2871, Time: 00:03:42

Health: -5/33      AC:  6    Str: 10    XL:     4   Next: 68%
Magic:  0/7        EV: 12    Int: 17    God:
Gold:   132        SH:  0    Dex: 12    Spells: 3/7 levels left

rFire   . . .      SeeInvis .   a - +0 dagger
rCold   . . .      Faith    .   (no shield)
rNeg    . . .      Spirit   .   (armour unavailable)
rPois   .          Reflect  .   (helmet restricted)
rElec   .          Harm     .   b - +0 cloak
rCorr   .          Rampage  .   (no gloves)
Will    .....                   (no boots)
Stlth   ++........              (no amulet)
HPRegen 0.11/turn               (no ring)
MPRegen 0.10/turn               (no ring)

@: no status effects
A: AC +5, unfitting armour, cold-blooded
a: no special abilities


You were on level 3 of the Dungeon.
You visited 1 branch of the dungeon, and saw 3 of its levels.

You collected 132 gold pieces.

Inventory:

Hand Weapons
 a - a +0 dagger (weapon)
Armour
 b - a +0 cloak (worn)
Scrolls
 d - a scroll of identify
 e - a scroll of teleportation {unknown}
 i - a scroll of enchant armour {unknown}
Potions
 c - a potion of haste
 f - a potion of lignification {unknown}
 g - a potion of attraction {unknown}
 h - a potion of heal wounds {unknown}


   Skills:
 - Level 1.7 Dodging
 - Level 1.7 Stealth
 - Level 2.0 Spellcasting
 + Level 6.1 Ice Magic


You had 3 spell levels left.
You knew the following spells:

 Your Spells              Type           Power      Damage    Failure   Level
a - Freeze                Ice            88%        1d10      1%          1
b - Frozen Ramparts       Ice            44%        1d6       4%          3

Your spell library contained the following spells:

 Spells                   Type           Power      Damage    Failure   Level
 Ozocubu's Armour         Ice            22%        N/A       4%          3
 Portal Projectile        Hex/Tloc       2%         N/A       50%         3
 Hailstorm                Conj/Ice       12%        3d5       50%         4
 Blade Hands              Tmut           0%         N/A       99%         5
 Excruciating Wounds      Necr           0%         N/A       99%         5


Dungeon Overview and Level Annotations

Branches:
Dungeon (3/15)

Altars:
Fedhas
The Shining One


Innate Abilities, Weirdness & Mutations

Your plain brown scales are hard. (AC +5)
You cannot fit into any form of body armour.
You are cold-blooded and may be slowed by cold attacks.


Message History

Aim: a shadow imp (lightly wounded)
You freeze the shadow imp but do no damage.
The shadow imp completely resists.
The rat bites you but does no damage. The shadow imp closely misses you.
Aiming: Freeze (safe; 1% risk of failure)
Press: ? - help, Q - select action, (/) - cycle Shift-Dir - straight line, f/p - shadow imp
Aim: a shadow imp (lightly wounded)
You freeze the shadow imp.
The shadow imp resists.
The shadow imp is moderately wounded.
The shadow imp hits you.
* * * LOW HITPOINT WARNING * * *
The rat bites you.
* * * LOW HITPOINT WARNING * * *
Aiming: Freeze (safe; 1% risk of failure)
Press: ? - help, Q - select action, (/) - cycle Shift-Dir - straight line, f/p - shadow imp
Aim: a shadow imp (moderately wounded)
You freeze the shadow imp.
The shadow imp resists.
The shadow imp is moderately wounded.
The rat bites you but does no damage.
The shadow imp hits you but does no damage.
Aiming: Freeze (safe; 1% risk of failure)
Press: ? - help, Q - select action, (/) - cycle Shift-Dir - straight line, f/p - shadow imp
Aim: a shadow imp (moderately wounded)
You freeze the shadow imp.
The shadow imp resists.
The shadow imp is heavily wounded.
The rat bites you but does no damage. The shadow imp gestures at you.
Pain shoots through your body!
* * * LOW HITPOINT WARNING * * *
You hit the rat.
The rat is severely wounded.
The shadow imp barely misses you. The rat misses you.
You barely miss the rat.
Your tail-slap misses the rat.
The rat is severely wounded.
The rat misses you.
The shadow imp hits you but does no damage.
Unknown command.
The shadow imp gestures at you. Pain shoots through your body!
You die...

#.########..
#..†.......# ###
####..≈..#.. ..# #..≈≈≈#
#.# #≈≈_..# . #.#
#####.≈≈≈.##.. #.#
#.....≈..≈.... #
############.#
#.#.###..†.... #.
#.........##@###.#.#
#..####.
##.##.#.......5......#.#
#..#
....#.#.########.#.#.#.#
#..# #......# #.#.#.#.#
#..# ##...†r.#####
#........ ...#
#...).......#
###......#.#.#
#.#.....###.#
#..#.#.#.... # #.....#
##.....#.... #.#.###
##.#######.


You could see a shadow imp.

Vanquished Creatures
  Natasha (D:1)
  2 adders
  2 worms (D:2)
  5 dart slugs
  6 endoplasms
  4 giant cockroaches
  6 goblins
  3 hobgoblins
  A quokka (D:3)
  7 ball pythons
  2 bats
  4 frilled lizards
  7 kobolds
  5 rats
55 creatures vanquished.

Notes
Turn   | Place    | Note
-------+----------+-------------------------------------------
     0 | D:1      | pkoi the Draconian Ice Elementalist began the quest for the
                  | Orb.
     0 | D:1      | Reached XP level 1. HP: 14/14 MP: 3/3
   180 | D:1      | Reached XP level 2. HP: 11/20 MP: 1/5
  1091 | D:1      | Reached skill level 5 in Ice Magic
  1092 | D:1      | Reached XP level 3. HP: 21/26 MP: 2/6
  1416 | D:2      | Noticed Natasha
  1444 | D:1      | Killed Natasha
  1601 | D:2      | Learned a level 3 spell: Frozen Ramparts
  1619 | D:2      | Reached XP level 4. HP: 28/33 MP: 2/7
  1807 | D:2      | Found a glowing golden altar of the Shining One.
  2723 | D:3      | Found a blossoming altar of Fedhas.
  2727 | D:3      | Reached skill level 6 in Ice Magic
  2871 | D:3      | Killed from afar by a shadow imp

Illustrated notes

Levels and vault maps discovered:
D:1:      dpeg_arrival_simpleton_c, layout_basic, kennysheep_decorative_pillar,
          hangedman_abyss_or_decor_stabs,
          nicolae_concentric_dashed_squares_mild, minmay_misc_feat_tiny,
          minmay_pentomino_x4
D:2:      layout_basic, basic_altar, uniq_natasha
D:3:      layout_loops_ring, fedhas_altar_2, minivault_27

Skill      XL: |  1  2  3  4 |
---------------+-------------+-----
Ice Magic      | 5 6 |  6.1
Dodging        | |  1.7
Stealth        | |  1.7
Spellcasting   | |  2.0

Action                   |  1- 3 |  4- 6 || total
-------------------------+-------+-------++-------
Melee: Dagger            |    40 |    11 ||    51
       Unarmed           |     3 |       ||     3
       Tailslap          |     1 |     2 ||     3
 Cast: Freeze            |    46 |    42 ||    88
  Use: Scroll            |     2 |       ||     2
Armor: Skin              |    20 |    12 ||    32
Dodge: Dodged            |    46 |    21 ||    67
